Unix NetHack Version 5.0.0-0 post-release - last build May 30 2026 05:04:26 (55804bc15828dd6e32e9076e0726aa6fccb6e981,branch:main).

Game began 2026-05-31 11:38:15, ended 2026-05-31 13:27:33.

Japes, lawful female human Valkyrie

      ----
    ---..|         ---
    |....--        |.|
    |.....|     ---|.--
    |....----   |..|..|
    |.......-- --..--.--------    -----
    --.|.--..--|%.................%...|
     -------.%--....-.------------- ---
    ----   --.........|
    |..--   ---.%.....|                 -
  ---...|     |.......|       -+--   ...|
  |.....-- -----..%...-----  .........
  |.....`---.---....-...@a....-
  |......%.....>...-..--|--- --
  |...................|...|
 --......|.......---..|...|
 |.....-----.--..| --.|----
 --....|   -------  ---
  |..---
  ----
Japes the Fighter           St:18/05 Dx:11 Co:17 In:7 Wi:7 Ch:10  Lawful
Dlvl:7  $:106 HP:0(56) Pw:11(11) AC:6  Xp:6/468 T:2104 

Latest messages:
 Z - an aklys.
 d - a granite ring.
 You swap places with the peaceful watchman.
 Your candle is getting short.
 The gnome misses!
 You kill the gnome!
 There is a gnome corpse here; eat it? [ynq] (n)
 This gnome corpse is fatty.
 You stop eating the gnome corpse.
 r - a white gem (2 in total).
 The gnome drinks a brilliant blue potion!
 The gnome is suddenly moving faster.
 You kill the gnome!
 i - a pink potion.
 There is a gnome corpse here; eat it? [ynq] (n)
 This gnome corpse is stringy.
 The gnome throws an aklys!
 You are hit by an aklys!
 You stop eating the gnome corpse.
 The aklys returns to the gnome's hand!
 You kill the gnome!
 $ - 80 gold pieces (106 in total).
 There are several more objects here.
 l - a scroll labeled EIRIS SAZUN IDISI.
 A - 2 blue gems.
 Your knapsack cannot accommodate any more items.
 The door resists!
 The door resists!
 The door resists!
 The door opens.
 You hit the fire ant!
 The fire ant bites!
 The fire ant bites again!
 You're on fire!
 Your candle's flame flickers low!
 You miss the fire ant.
 The fire ant bites!
 The fire ant bites again!
 You're on fire!
 You hear crashing rock.
 The fire ant bites!
 The fire ant bites again!
 You're on fire!
 #
 Are you sure you want to pray? [yn] (n)
 You begin praying to Tyr.
 The fire ant bites!
 You die...
 Do you want your possessions identified? [ynq] (y)
 Do you want to see your attributes? [ynq] (y)

Inventory:
 Coins    ('$')
  $ - 106 gold pieces
 Weapons  (')')
  x - 4 +0 arrows
  B - 5 cursed -2 arrows
  m - 23 +0 crossbow bolts
  h - a +0 bow
  y - a +0 bow
  C - a +0 bow
  v - a +1 crossbow
  I - a +1 crossbow
  n - a +0 crossbow
  H - 2 +2 darts
  W - 3 +0 darts
  z - 10 cursed +0 darts
  q - 3 rustproof +0 daggers
  b - 4 +0 daggers (alternate weapons; not wielded)
  X - a +0 orcish dagger
  a - a +1 spear (weapon in right hand)
  u - a +0 spear
  G - a blessed +0 aklys
  s - a +0 aklys
  Z - a +0 aklys
  M - a +0 scimitar
 Armor    ('[')
  N - an uncursed +1 orcish helm
  J - an uncursed +0 orcish helm
  L - an uncursed +0 orcish helm
  Y - an uncursed +0 orcish helm
  c - an uncursed +3 small shield (being worn)
  w - an uncursed +0 dwarvish cloak
 Comestibles  ('%')
  k - an uncursed venti hot decaf vanilla latte
  j - an uncursed lembas wafer
 Scrolls  ('?')
  Q - a cursed scroll of confuse monster
  T - an uncursed scroll of earth
  V - an uncursed scroll of enchant armor
  O - an uncursed scroll of enchant weapon
  g - a cursed scroll of food detection
  l - an uncursed scroll of gold detection
  D - an uncursed scroll of identify
 Spellbooks  ('+')
  e - an uncursed spellbook of detect food
 Potions  ('!')
  i - a cursed potion of booze
  P - an uncursed potion of extra healing
  S - an uncursed potion of hallucination
 Rings    ('=')
  d - an uncursed ring of regeneration
 Wands    ('/')
  f - a wand of sleep (0:5)
 Tools    ('(')
  E - an expensive camera (0:76)
  t - an uncursed lock pick
  U - an uncursed partly used wax candle (lit)
 Gems/Stones  ('*')
  F - an uncursed citrine stone
  K - an uncursed dilithium crystal
  A - 2 cursed sapphires
  R - an uncursed worthless piece of blue glass
  o - 2 uncursed worthless pieces of green glass
  p - 2 uncursed worthless pieces of orange glass
  r - 2 uncursed worthless pieces of white glass

Japes the Valkyrie's attributes:

Background:
 You were a Fighter, a level 6 human Valkyrie.
 You were lawful, on a mission for Tyr
 who was opposed by Odin (neutral) and Loki (chaotic).
 You were right-handed.
 You were in the Gnomish Mines, on level 7.
 You entered the dungeon 2104 turns ago.
 There was a full moon in effect when your adventure ended.
 You had 468 experience points, 172 more were needed to attain level 7.

Basics:
 You had 0 out of 56 hit points.
 You had all 11 energy points (spell power).
 Your armor class was 6.
 Your wallet contained 106 zorkmids.
 Autopickup was on for '$' plus thrown.

Final Characteristics:
 Your strength was 18/05 (limit:18/100).
 Your dexterity was 11 (limit:18).
 Your constitution was 17 (limit:18).
 Your intelligence was 7 (limit:18).
 Your wisdom was 7 (limit:18).
 Your charisma was 10 (limit:18).

Final Status:
 You weren't hungry.
 You were unencumbered.
 You were wielding a spear.
 You had basic skill with spear and could have enhanced that.

Final Attributes:
 You were piously aligned.
 You were cold resistant.
 You were stealthy.
 You were lucky.
 You are dead.

Miscellaneous:
 You encountered 1 bones level.
 Total elapsed playing time was 26 minutes and 57 seconds.

Major events:
 Turn
    1: Japes the lawful human Valkyrie entered the dungeon
  923: entered the Gnomish Mines
  965: attained the rank of Skirmisher (level 3)
 1844: attained the rank of Fighter (level 6)
 1943: reached Mine Town
 2104: killed by a fire ant, while praying

You didn't know any spells.

Skills:
 Fighting Skills
   bare handed combat [Unskilled]
   two weapon combat  [Unskilled]
   riding             [Unskilled]
 Weapon Skills
   dagger             [Basic]
   axe                [Unskilled]
   pick-axe           [Unskilled]
   short sword        [Unskilled]
   broadsword         [Unskilled]
   long sword         [Unskilled]
   two-handed sword   [Unskilled]
   saber              [Unskilled]
   hammer             [Unskilled]
   quarterstaff       [Unskilled]
   polearms           [Unskilled]
   spear              [Basic]
   trident            [Unskilled]
   lance              [Unskilled]
   sling              [Unskilled]
 Spellcasting Skills
   attack spells      [Unskilled]
   escape spells      [Unskilled]

Voluntary challenges:
 Character rerolling was not enabled.
 You never genocided any monsters.
 You never polymorphed an object.
 You never changed form.
 You used no wishes.
Achievements:
 You entered the Gnomish Mines.
 You attained the rank of Skirmisher.
 You attained the rank of Fighter.
 You entered Minetown.

 The Dungeons of Doom: levels 1 to 4
    Level 1:
    Level 2:
       A fountain.
    Level 3:
       A fountain.
       Stairs down to The Gnomish Mines.
    Level 4:
       A fountain.
 The Gnomish Mines: levels 4 to 7
    Level 4:
    Level 5:
    Level 6:
    Level 7: <- You were here.
       Final resting place for
          you, killed by a fire ant, while praying,
          geegz-Sam-Hum-Fem-Law, killed by a gnome.


Vanquished creatures:
  a gnome ruler
  a dog
  a rock piercer
  a rock mole
  a yellow light
  5 gnome leaders
  a gnomish wizard
  a little dog
  a floating eye
  a dwarf
  a homunculus
  5 hill orcs
  a wererat
  2 iguanas
  2 hobbits
  a large kobold
  a brown mold
 31 gnomes
  a gecko
  a jackal
  2 kobolds
  3 goblins
  a sewer rat
  a grid bug
  a lichen
  2 newts
70 creatures vanquished.

No species were genocided or became extinct.

Game over:
                       ----------
                      /          \
                     /    REST    \
                    /      IN      \
                   /     PEACE      \
                  /                  \
                  |      Japes       |
                  |      106 Au      |
                  | killed by a fire |
                  |       ant        |
                  |                  |
                  |                  |
                  |       2026       |
                 *|     *  *  *      | *
        _________)/\\_//(\/(/\)/\//\/|_)_______

Farvel Japes the Valkyrie...

You died in The Gnomish Mines on dungeon level 7 with 2268 points,
and 106 pieces of gold, after 2104 moves.
You were level 6 with a maximum of 56 hit points when you died.

